 Dungeon Crawl Stone Soup version 0.18-a0-1551-g40744a8 (webtiles) character file.

273 mrath the Charlatan (level 6, -1/46 HPs)
             Began as a Demonspawn Artificer on Mar 12, 2016.
             Slain by Grinder (8 damage)
             ... while paralysed by Grinder
             ... on level 3 of the Dungeon.
             The game lasted 00:18:40 (3240 turns).

mrath the Charlatan (Demonspawn Artificer)          Turns: 3240, Time: 00:18:40

Health: -1/46      AC:  5    Str: 11    XL:     6   Next: 2%
Magic:  8/8        EV:  2    Int: 13    God:
Gold:   51         SH:  0    Dex: 16    Spells: 0 memorised, 5 levels left

rFire  . . .     SeeInvis .     a - +0 short sword
rCold  . . .     Gourm    .     b - +0 leather armour
rNeg   . . .     Faith    .     (no shield)
rPois  .         Spirit   .     A - +0 helmet (curse)
rElec  .         Dismiss  .     r - +0 cloak
rCorr  .         Reflect  .     (no gloves)
SustAt .         Harm     .     (no boots)
MR     .....                    (no amulet)
Stlth  ++........               (no ring)
                                (no ring)

@: paralysed, not resistant to hostile enchantments, unstealthy
A: talons 1, powered by death 2
a: no special abilities


You were on level 3 of the Dungeon.
You were hungry.

You visited 1 branch of the dungeon, and saw 3 of its levels.

You collected 51 gold pieces.

Inventory:

Hand Weapons
 a - a +0 short sword (weapon)
 j - a +0 spear
 n - a cursed +0 hunting sling
 z - a +1 dagger of draining
Missiles
 g - 73 stones (quivered)
 h - 15 poisoned needles
Armour
 b - a +0 leather armour (worn)
 r - a +0 cloak (worn)
 A - a cursed +0 helmet (worn)
Jewellery
 t - an uncursed ring of protection from magic {unknown}
Wands
 c - a wand of flame (2/48)
 d - a wand of enslavement (7/24)
 e - a wand of random effects (12/48)
Scrolls
 i - 4 scrolls of enchant weapon {unknown}
 l - a scroll of noise {unknown}
 o - 3 scrolls of identify {unknown}
 p - a scroll of remove curse {unknown}
 q - a scroll of recharging {unknown}
 s - a scroll of enchant armour {unknown}
 u - a scroll of teleportation {unknown}
 x - a scroll of blinking {unknown}
 y - a scroll of magic mapping {unknown}
Potions
 k - a potion of cure mutation {unknown}
 m - a potion of heal wounds {unknown}
 w - a potion of curing {unknown}
 C - a potion of lignification {unknown}
Comestibles
 f - 3 bread rations
 v - a beef jerky
 B - 4 chunks of flesh


   Skills:
 + Level 2.6 Fighting
 + Level 2.4 Short Blades
 + Level 3.1 Dodging
 + Level 2.6 Stealth
 + Level 3.9 Evocations


You had 5 spell levels left.
You didn't know any spells.

Dungeon Overview and Level Annotations

Branches:
Dungeon (3/15)

Altars:

Annotations:
D:3 Grinder


Innate Abilities, Weirdness & Mutations

You have sharp toenails.
You regenerate health from kills.


Message History

You closely miss Grinder. Your kick misses Grinder.
Grinder is almost dead.
Grinder hits you but does no damage.
You hit Grinder but do no damage.
Grinder is almost dead.
Grinder is no longer moving slowly.
Grinder hits you!
You closely miss Grinder.
Grinder is almost dead.
Grinder hits you!
You writhe in agony.
You hit Grinder. Your kick misses Grinder.
Grinder is almost dead.
Grinder gestures at you.
You suddenly lose the ability to move!
Grinder hits you.
* * * LOW HITPOINT WARNING * * *
You writhe in agony.
* * * LOW HITPOINT WARNING * * *
Grinder says, "DUCK!"
Grinder hits you!
You die...

.?.....# ... .#.....#
#J# ...#...# #.# ##..#
# #.# ##.##.# ##+##
......# ##..<##
##.#### ##)....##
#.##.## ##.......##
#.#...####<....@5..#
#..5.....'.........+
#.#...####...........#
#..#.## ##.......###.#
##.### ##.....## # #.#
##...## #.# ##+## #.#
#.#


You could see Grinder.

Vanquished Creatures
  Sigmund (D:2)
  2 adders (D:2)
  2 oozes
  2 dart slugs
  4 giant geckos (D:1)
  3 giant cockroaches
  5 goblins
  8 hobgoblins
  7 jackals
  A ball python (D:1)
  8 bats
  2 giant newts
  6 kobolds
  5 rats
56 creatures vanquished.

Vanquished Creatures (collateral kills)
  5 goblins (D:2)
  A hobgoblin (D:2)
6 creatures vanquished.

Vanquished Creatures (others)
  Robin (D:2)
  An adder (D:2)
  2 goblins (D:2)
  A hobgoblin (D:2)
5 creatures vanquished.

Grand Total: 67 creatures vanquished

Notes
Turn   | Place    | Note
--------------------------------------------------------------
     0 | D:1      | mrath the Demonspawn Artificer began the quest for the Orb.
     0 | D:1      | Reached XP level 1. HP: 15/15 MP: 3/3
   100 | D:1      | Reached skill level 1 in Short Blades
   354 | D:1      | Reached skill level 1 in Stealth
   404 | D:1      | Gained mutation: You have sharp toenails. [demonic ancestry]
   404 | D:1      | Reached XP level 2. HP: 12/21 MP: 4/4
  1031 | D:1      | Reached XP level 3. HP: 13/26 MP: 5/5
  1451 | D:1      | Noticed an ice beast
  1995 | D:2      | Noticed Robin
  2018 | D:2      | Your ally died
  2456 | D:2      | Gained mutation: You regenerate a little health from kills. [demonic ancestry]
  2456 | D:2      | Reached XP level 4. HP: 33/33 MP: 6/6
  2493 | D:2      | Noticed Sigmund
  3038 | D:2      | Killed Sigmund
  3038 | D:2      | Reached XP level 5. HP: 17/39 MP: 7/7
  3038 | D:2      | Gained mutation: You regenerate health from kills. [demonic ancestry]
  3038 | D:2      | Reached XP level 6. HP: 20/46 MP: 8/8
  3141 | D:3      | Noticed Grinder
  3238 | D:3      | Paralysed by Grinder for 3 turns
  3240 | D:3      | Slain by Grinder

Vault maps used:
D:1:      scummos_arrival_hexagon, minmay_misc_feat_tiny
D:2:      first_bread, uniq_sigmund, uniq_robin
D:3:      nicolae_overflow_hidden_temple, uniq_grinder

Skill      XL: |  1  2  3  4 |
---------------+-------------+-----
Short Blades   | 1 2 |  2.4
Stealth        | 1 2 |  2.6
Dodging        | 2 3 |  3.1
Fighting       | 2 |  2.6
Evocations     | |  3.9

Action                   |  1- 3 |  4- 6 || total
-------------------------+-------+-------++-------
Melee: Short sword       |   185 |    85 ||   270
Evoke: Wand              |     9 |    15 ||    24
 Stab: Sleeping          |     1 |     2 ||     3
  Eat: Chunk             |     4 |     3 ||     7
